 Dungeon Crawl Stone Soup version 0.30-a0-585-g93115170b9 (webtiles) character file.

Game seed: 14877966283290437488

46 Citaku the Chopper (level 3, -8/24 HPs)
             Began as a Human Wanderer on Jan 2, 2023.
             Mangled by a gnoll
             ... wielding a +4 flail
              (10 damage)
             ... on level 2 of the Dungeon.
             The game lasted 00:04:00 (1451 turns).

Citaku the Chopper (Human Wanderer)                 Turns: 1451, Time: 00:04:00

Health: -8/24      AC:  6    Str: 22    XL:     3   Next: 95%
Magic:  3/3        EV:  9    Int: 11    God:
Gold:   111        SH:  5    Dex: 11    Spells: 2/2 levels left

rFire   . . .      SeeInvis .    a - +2 hand axe
rCold   . . .      Faith    .    n - +2 buckler
rNeg    . . .      Spirit   .    g - +0 scale mail
rPois   .          Reflect  .    (no helmet)
rElec   .          Harm     .    (no cloak)
rCorr   .          Rampage  .    (no gloves)
Will    .....                    (no boots) Stlth
                                 (no amulet)
HPRegen 0.24/turn                h - +6 ring of strength
MPRegen 0.08/turn                (no ring)

@: no status effects
A: no striking features
a: no special abilities


You were on level 2 of the Dungeon.
You visited 1 branch of the dungeon, and saw 2 of its levels.

You collected 111 gold pieces.

Inventory:

Hand Weapons
 a - a +2 hand axe (weapon)
Armour
 g - a +0 scale mail (worn)
 n - a +2 buckler (worn)
Jewellery
 h - a +6 ring of strength (left hand)
Wands
 c - a wand of polymorph (5) (quivered)
Scrolls
 b - a scroll of poison
 d - a scroll of fog
 i - 2 scrolls of amnesia
 k - a scroll of identify
 m - a scroll of noise
Potions
 e - a potion of might
 f - a potion of mutation {unknown}
 j - a potion of curing


   Skills:
 + Level 1.8 Long Blades
 + Level 5.3 Axes
 + Level 1.8 Throwing
 + Level 3.4 Evocations


You had 2 spell levels left.
You didn't know any spells.
Your spell library was empty.

Dungeon Overview and Level Annotations

Branches:
Dungeon (2/15)

Altars:


Message History

You kill the frilled lizard!
You see here a frilled lizard corpse.
k - a scroll of identify You now have 97 gold pieces (gained 8).
You now have 111 gold pieces (gained 14).
You open the door.
There is an open door here.
Found a dagger.
Found a faded altar of an unknown god.
You see here a +0 dagger.
There is a faded altar of an unknown god here.
You open the door.
A gnoll comes into view. It is wielding a +4 flail.
The gnoll shouts!
A gnoll comes into view. It is wielding a +0 halberd.
A gnoll comes into view. It is wielding a +0 spear.
The gnoll shouts!
The gnoll hits you but does no damage.
An adder comes into view.
The adder hisses angrily.
You hit the gnoll.
The gnoll is moderately wounded.
You hear a shout!
The gnoll closely misses you.
A gnoll comes into view. It is wielding a +0 halberd.
A giant cockroach comes into view.
You slash the gnoll!
The gnoll is severely wounded.
The gnoll closely misses you.
A ball python comes into view.
You block the gnoll's attack.
The gnoll hits you from afar with a +0 halberd!
The ball python hisses angrily.
The gnoll hits you with a +0 halberd! The gnoll hits you with a +4 flail.
* * * LOW HITPOINT WARNING * * *
The gnoll hits you from afar with a +0 spear.
* * * LOW HITPOINT WARNING * * *
There is an open door, spattered with blood here.
The gnoll hits you with a +4 flail!
You die...

#.#....##.....##.
###.#.#.....######. #
..#.#.#.......#.... ..
#.#.#.#.......#.### ...
#.#.#)#####...#.# ....
#.#.#.#####...#.#
...S.##.......#.......#
....gg.#g_#####.#.......#
......g'@...............#
####...########.####.####
#... ... #.# #... ### #.#
####.# .. ..# .# .# ...
## #.# #.# ...#.# #.#
#...#######.#


You could see 4 gnolls and a ball python.

Vanquished Creatures
  An adder (D:2)
  A dart slug (D:2)
  5 ball pythons
  4 endoplasms
  A giant cockroach (D:1)
  7 goblins (D:1)
  3 hobgoblins
  3 kobolds (D:1)
  A quokka (D:1)
  3 frilled lizards
  A rat (D:1)
30 creatures vanquished.

Notes
Turn   | Place    | Note
-------+----------+-------------------------------------------
     0 | D:1      | Citaku the Human Wanderer began the quest for the Orb.
     0 | D:1      | Citaku set off with the following items: a +2 hand axe, a
                  | +0 falchion, a wand of polymorph (5), a scroll of fog, a +0
                  | leather armour.
     0 | D:1      | Reached XP level 1. HP: 13/13 MP: 1/1
   206 | D:1      | Reached XP level 2. HP: 15/19 MP: 2/2
   512 | D:1      | Reached XP level 3. HP: 24/24 MP: 3/3
  1436 | D:2      | Found a faded altar of an unknown god.
  1451 | D:2      | Mangled by a gnoll

Illustrated notes

Levels and vault maps discovered:
D:1:      shiori_arrival_oz, layout_basic, nicolae_kite_square_tiling_tiny
D:2:      layout_basic, basic_ecumenical_altar, minivault_14,
          minmay_misc_feat_rugged

Action                   || total
-------------------------++-------
Melee: Hand axe          ||    88
  Use: Scroll            ||     5
       Potion            ||     2
Armor: Leather armour    ||     3
       Scale mail        ||    41
Dodge: Dodged            ||    45
Block: Buckler           ||     9

Table legend: (Time is in decaauts)
 A = Elapsed time spent in this place.
 B = Non-inter-level travel time spent in this place.
 C = Inter-level travel time spent in this place.
 D = Time resting spent in this place.
 E = Time spent auto-exploring this place.
 F = Levels seen in this place.
 G = Mean time per level.
                   A        B        C        D        E       F      G
               +--------+--------+--------+--------+--------+-----+--------+
         Total |   1455 |   1455 |      0 |    122 |    823 |   2 |  727.5 |
       Dungeon |   1455 |   1455 |      0 |    122 |    823 |   2 |  727.5 |
               +--------+--------+--------+--------+--------+-----+--------+

Top non-repeatable levels by time:
     D:1: 1029 daAuts
     D:2: 425 daAuts
